 Dungeon Crawl Stone Soup version 0.28-a0-697-g47f3eba078 (webtiles) character file.

Game seed: 4886064901610449069

791 Gargoyl the Skirmisher (level 7, 0/54 HPs)
             Began as a Gnoll Abyssal Knight on Oct 23, 2021.
             Was a Believer of Lugonu.
             Slain by a hornet zombie (6 damage)
             ... on level 5 of the Dungeon.
             The game lasted 00:06:18 (6217 turns).

Gargoyl the Skirmisher (Gnoll Abyssal Knight)       Turns: 6217, Time: 00:06:19

Health: 0/54       AC: 11    Str: 14    XL:     7   Next: 88%
Magic:  11/11      EV:  7    Int: 10    God:    Lugonu [**....]
Gold:   169        SH:  0    Dex: 10    Spells: 11/11 levels left

rFire   . . .      SeeInvis .   a - +1 hand axe
rCold   . . .      Faith    .   (no shield)
rNeg    . . .      Spirit   .   d - +0 chain mail
rPois   .          Reflect  .   (helmet restricted)
rElec   +          Harm     .   (no cloak)
rCorr   .          Rampage  .   i - +0 pair of gloves
Will    .....                   (no boots)
Stlth   ..........              (no amulet)
HPRegen 0.18/turn               (no ring)
MPRegen 0.12/turn               (no ring)

@: no status effects
A: fangs 1, strong nose, distributed training, horns 1, clumsy 1, frail 1,
electricity resistance, subdued magic 1
a: Renounce Religion, Depart the Abyss, Bend Space


You were on level 5 of the Dungeon.
You worshipped Lugonu.
Lugonu was pleased with you.
You visited 1 branch of the dungeon, and saw 5 of its levels.
You visited the Abyss 1 time.

You collected 169 gold pieces.

Inventory:

Hand Weapons
 a - a +1 hand axe (weapon)
 l - a +0 war axe
Armour
 d - a +0 chain mail (worn)
 i - a +0 pair of gloves (worn)
Wands
 f - a wand of acid (7)
Scrolls
 h - a scroll of teleportation
 j - 2 scrolls of identify {unknown}
 k - a scroll of acquirement {unknown}
 m - a scroll of magic mapping {unknown}
 n - a scroll of immolation {unknown}
 p - a scroll of summoning {unknown}
Potions
 e - a potion of curing
 o - a potion of magic


   Skills:
 + Level 7.1 Fighting
 + Level 2.7 Short Blades
 + Level 2.7 Long Blades
 + Level 5.4 Axes
 + Level 2.7 Maces & Flails
 + Level 2.7 Polearms
 + Level 2.7 Staves
 + Level 2.7 Slings
 + Level 2.7 Bows
 + Level 2.7 Crossbows
 + Level 2.7 Throwing
 + Level 5.4 Armour
 + Level 3.8 Dodging
 + Level 2.7 Stealth
 + Level 2.7 Shields
 + Level 2.7 Unarmed Combat
 + Level 2.7 Spellcasting
 + Level 2.2 Conjurations
 + Level 2.2 Hexes
 + Level 2.2 Summonings
 + Level 2.2 Necromancy
 + Level 2.2 Translocations
 + Level 2.2 Transmutations
 + Level 2.2 Fire Magic
 + Level 2.2 Ice Magic
 + Level 2.2 Air Magic
 + Level 2.2 Earth Magic
 + Level 2.2 Poison Magic
 + Level 5.5 Invocations
 + Level 2.7 Evocations


You had 11 spell levels left.
You didn't know any spells.
Your spell library contained the following spells:

 Spells                   Type           Power      Damage    Failure   Level
 Freeze                   Ice            16%        1d4       91%         1
 Frozen Ramparts          Ice            8%         1d2       100%        3
 Gell's Gravitas          Tloc           2%         N/A       100%        3
 Teleport Other           Tloc           4%         N/A       100%        3
 Hailstorm                Conj/Ice       4%         3d4       100%        4
 Dispersal                Tloc           2%         N/A       100%        6


Dungeon Overview and Level Annotations

Branches:
Dungeon (5/15)             Temple (0/1) D:5

Altars:
Ashenzari
Qazlal
Vehumet
Xom
The Shining One


Innate Abilities, Weirdness & Mutations

You have very sharp teeth.
Your uncanny sense of smell can sniff out nearby items.
Your experience applies equally to all skills.
You have a pair of small horns on your head.
You are clumsy. (Dex -2)
You are frail. (-10% HP)
You are resistant to electric shocks. (rElec)
Your spells are a little easier to cast, but a little less powerful.


Message History

The hornet zombie is moderately damaged.
The hornet zombie hits you.
You hit the hornet zombie. Your headbutt misses the hornet zombie.
The hornet zombie is moderately damaged.
The hornet zombie barely misses you.
The hornet zombie hits you but does no damage.
Unknown command.
You hit the hornet zombie but do no damage.
Your punch misses the hornet zombie.
You bite the hornet zombie, but do no damage.
The hornet zombie is moderately damaged.
The hornet zombie hits you!
You slash the hornet zombie!
The hornet zombie is heavily damaged.
The hornet zombie hits you.
Unknown command.
You hit the hornet zombie.
The hornet zombie is heavily damaged.
The hornet zombie hits you! The hornet zombie barely misses you.
Unknown command.
You hit the hornet zombie.
The hornet zombie is heavily damaged.
The hornet zombie hits you but does no damage.
Unknown command.
You closely miss the hornet zombie. Your headbutt misses the hornet zombie.
The hornet zombie is heavily damaged.
The hornet zombie hits you.
You hit the hornet zombie.
The hornet zombie is severely damaged.
The hornet zombie barely misses you. The hornet zombie hits you!
* * * LOW HITPOINT WARNING * * *
Unknown command.
You hit the hornet zombie but do no damage.
The hornet zombie is severely damaged.
The hornet zombie hits you.
* * * LOW HITPOINT WARNING * * *
Unknown command.
It was a potion of magic.
Magic courses through your body. The hornet zombie hits you.
You die...

### #.## ##### #..#
##...###..##########
##....@##..#........#
#.....Z.#...........#
#.......#.#.........#
#....<..#.#.........###
##.....##.....#.##....#
#.....................
#.....§....##..........
#.....§§≈).....(.......
#...)≈§§≈≈.............


You could see a hornet zombie.

Vanquished Creatures
  Edmund (D:3)
  A black bear (D:5)
  3 scorpions
  A bullfrog zombie (D:5)
  An orc priest (D:4)
  Jessica (D:3)
  Natasha (thrice) (D:2)
  An orc wizard (D:4)
  A statue (D:4)
  2 hound skeletons
  A gnoll (D:5)
  7 adders
  A white imp (Abyss:1)
  An adder skeleton (D:4)
  2 worms (D:2)
  A dart slug (D:4)
  12 orcs
  7 endoplasms
  A giant cockroach (D:2)
  8 goblins
  5 hobgoblins
  2 jackals (D:2)
  4 quokkas
  4 ball pythons
  5 bats
  3 frilled lizards
  5 kobolds
  8 rats
92 creatures vanquished.

Notes
Turn   | Place    | Note
-------+----------+-------------------------------------------
     0 | Abyss:1  | Gargoyl the Gnoll Abyssal Knight began the quest for the
                  | Orb.
     0 | Abyss:1  | Reached XP level 1. HP: 23/23 MP: 3/3
    58 | Abyss:1  | Noticed a small abomination
    92 | Abyss:1  | Reached XP level 2. HP: 7/29 MP: 5/5
   108 | Abyss:1  | Noticed a thrashing horror
   121 | Abyss:1  | Noticed a thrashing horror
   123 | Abyss:1  | Noticed a worldbinder
   125 | Abyss:1  | Noticed a neqoxec
   126 | D:1      | Escaped the Abyss
  1003 | D:1      | Found a faded altar of an unknown god.
  1569 | D:2      | Reached * piety under Lugonu
  1570 | D:2      | Reached XP level 3. HP: 35/35 MP: 6/6
  1959 | D:2      | Reached skill level 1 in Short Blades
  1959 | D:2      | Reached skill level 1 in Long Blades
  1959 | D:2      | Reached skill level 1 in Maces & Flails
  1959 | D:2      | Reached skill level 1 in Polearms
  1959 | D:2      | Reached skill level 1 in Staves
  1959 | D:2      | Reached skill level 1 in Slings
  1959 | D:2      | Reached skill level 1 in Bows
  1959 | D:2      | Reached skill level 1 in Crossbows
  1959 | D:2      | Reached skill level 1 in Throwing
  1959 | D:2      | Reached skill level 1 in Stealth
  1959 | D:2      | Reached skill level 1 in Shields
  1959 | D:2      | Reached skill level 1 in Unarmed Combat
  1959 | D:2      | Reached skill level 1 in Spellcasting
  1959 | D:2      | Reached skill level 1 in Evocations
  2047 | D:2      | Reached XP level 4. HP: 25/41 MP: 7/7
  2195 | D:2      | Noticed Natasha
  2210 | D:2      | Killed Natasha
  2233 | D:2      | Reached skill level 1 in Conjurations
  2233 | D:2      | Reached skill level 1 in Hexes
  2233 | D:2      | Reached skill level 1 in Summonings
  2233 | D:2      | Reached skill level 1 in Necromancy
  2233 | D:2      | Reached skill level 1 in Translocations
  2233 | D:2      | Reached skill level 1 in Transmutations
  2233 | D:2      | Reached skill level 1 in Fire Magic
  2233 | D:2      | Reached skill level 1 in Ice Magic
  2233 | D:2      | Reached skill level 1 in Air Magic
  2233 | D:2      | Reached skill level 1 in Earth Magic
  2233 | D:2      | Reached skill level 1 in Poison Magic
  2299 | D:2      | Noticed Natasha
  2317 | D:2      | Killed Natasha
  2318 | D:2      | Reached XP level 5. HP: 18/47 MP: 8/8
  2357 | D:2      | Noticed Natasha
  2367 | D:2      | Killed Natasha
  2840 | D:3      | Noticed Jessica
  2845 | D:3      | Killed Jessica
  3127 | D:3      | Reached ** piety under Lugonu
  3216 | D:3      | Found a broken altar of Ashenzari.
  3217 | D:3      | Found a stormy altar of Qazlal.
  3475 | D:3      | Reached skill level 5 in Invocations
  3747 | D:4      | Found a radiant altar of Vehumet.
  3747 | D:4      | Noticed a charred statue
  3773 | D:4      | Killed a charred statue
  3774 | D:4      | Reached XP level 6. HP: 29/53 MP: 9/9
  4104 | D:4      | Reached skill level 5 in Axes
  4104 | D:4      | Reached skill level 5 in Armour
  4377 | D:4      | Found a shimmering altar of Xom.
  4481 | D:4      | Noticed Edmund
  4499 | D:3      | Gained mutation: You are dopey. (Int -2) [potion of
                  | mutation]
  4499 | D:3      | Gained mutation: You are resistant to electric shocks.
                  | (rElec) [potion of mutation]
  4499 | D:3      | Gained mutation: Your magical capacity is low. (-10% MP)
                  | [potion of mutation]
  4511 | D:3      | Killed Edmund
  4512 | D:3      | Reached XP level 7. HP: 5/59 MP: 9/9
  4790 | D:3      | Lost mutation: You are dopey. (Int -2) [potion of mutation]
  4790 | D:3      | Lost mutation: Your magical capacity is low. (-10% MP)
                  | [potion of mutation]
  4790 | D:3      | Gained mutation: Your spells are a little easier to cast,
                  | but a little less powerful. [potion of mutation]
  4790 | D:3      | Gained mutation: You are frail. (-10% HP) [potion of
                  | mutation]
  4790 | D:3      | Gained mutation: You are clumsy. (Dex -2) [potion of
                  | mutation]
  4790 | D:3      | Gained mutation: You have a pair of small horns on your
                  | head. [potion of mutation]
  4997 | D:4      | Reached skill level 7 in Fighting
  5212 | D:4      | Found a glowing golden altar of the Shining One.
  5721 | D:5      | Entered Level 5 of the Dungeon
  5721 | D:5      | Found a staircase to the Ecumenical Temple.
  6217 | D:5      | Slain by a hornet zombie

Illustrated notes

Levels and vault maps discovered:
D:1:      giann_horns, layout_basic, shapermc_ecumenical_altar_mp_vishouse
D:2:      layout_rooms, uniq_natasha
D:3:      layout_loops_ring, minitemple, uniq_jessica
D:4:      layout_layer_cave, vehumet_statue,
          mainiacjoe_overflow_small_starburst, nicolae_tso_carved_into_rock,
          uniq_edmund
D:5:      cheibrodos_fzero, layout_rooms, minmay_temple_entry_mist

Skill      XL: |  1  2  3  4  5  6  7 |
---------------+----------------------+-----
Short Blades   | 1 2 |  2.7
Long Blades    | 1 2 |  2.7
Maces & Flails | 1 2 |  2.7
Polearms       | 1 2 |  2.7
Staves         | 1 2 |  2.7
Slings         | 1 2 |  2.7
Bows           | 1 2 |  2.7
Crossbows      | 1 2 |  2.7
Throwing       | 1 2 |  2.7
Stealth        | 1 2 |  2.7
Shields        | 1 2 |  2.7
Unarmed Combat | 1 2 |  2.7
Spellcasting   | 1 2 |  2.7
Evocations     | 1 2 |  2.7
Conjurations   | 1 2 |  2.2
Hexes          | 1 2 |  2.2
Summonings     | 1 2 |  2.2
Necromancy     | 1 2 |  2.2
Translocations | 1 2 |  2.2
Transmutations | 1 2 |  2.2
Fire Magic     | 1 2 |  2.2
Ice Magic      | 1 2 |  2.2
Air Magic      | 1 2 |  2.2
Earth Magic    | 1 2 |  2.2
Poison Magic   | 1 2 |  2.2
Dodging        | 3 |  3.8
Invocations    | 5 |  5.5
Axes           | 5 |  5.4
Armour         | 5 |  5.4
Fighting       | 7 |  7.1

Action                   |  1- 3 |  4- 6 |  7- 9 || total
-------------------------+-------+-------+-------++-------
Melee: Hand axe          |   102 |   211 |   103 ||   416
       Bite              |    10 |    27 |     7 ||    44
       Punch             |       |     1 |     1 ||     2
       Headbutt          |       |       |    11 ||    11
Invok: Depart the Abyss  |     1 |       |       ||     1
Evoke: Wand              |       |       |     2 ||     2
  Use: Potion            |       |     4 |     3 ||     7
       Scroll            |       |       |     4 ||     4
Armor: Leather armour    |     2 |       |       ||     2
       Chain mail        |    63 |   118 |    75 ||   256
Dodge: Dodged            |    31 |    72 |    43 ||   146

Table legend: (Time is in decaauts)
 A = Elapsed time spent in this place.
 B = Non-inter-level travel time spent in this place.
 C = Inter-level travel time spent in this place.
 D = Time resting spent in this place.
 E = Time spent auto-exploring this place.
 F = Levels seen in this place.
 G = Mean time per level.
                   A        B        C        D        E       F      G
               +--------+--------+--------+--------+--------+-----+--------+
         Total |   6255 |   6150 |    105 |    604 |   4442 |   6 | 1042.5 |
       Dungeon |   6124 |   6019 |    105 |    597 |   4381 |   5 | 1224.8 |
         Abyss |    130 |    130 |      0 |      7 |     61 |   1 |  130.0 |
               +--------+--------+--------+--------+--------+-----+--------+

Top non-repeatable levels by time:
     D:4: 1923 daAuts
     D:1: 1335 daAuts
     D:2: 1295 daAuts
     D:3: 1275 daAuts
     D:5: 296 daAuts
 Abyss:1: 130 daAuts
